 Dungeon Crawl Stone Soup version 0.24.0-37-gcf1ca852f1 (webtiles) character file.

Game seed: 17240451002237913934, levelgen mode: deterministic

3182 PentaManta the Blocker (level 10, -4/80 HPs)
             Began as a Formicid Fighter on Dec 6, 2019.
             Slain by a two-headed ogre
             ... wielding a +0 great mace
              (12 damage)
             ... on level 14 of the Dungeon.
             The game lasted 00:22:51 (8618 turns).

PentaManta the Blocker (Formicid Fighter)           Turns: 8618, Time: 00:22:52

Health: -4/80      AC: 11    Str: 23    XL:     10   Next: 16%
Magic:  10/10      EV:  8    Int:  9    God:
Gold:   317        SH: 17    Dex: 10    Spells: 9/9 levels left

rFire    . . .     SeeInvis +   z - +1 dagger (venom)
rCold    + . .     Gourm    .   F - +0 large shield
rNeg     . . .     Faith    .   b - +0 scale mail
rPois    .         Spirit   .   (helmet unavailable)
rElec    .         Reflect  .   (no cloak)
rCorr    .         Harm     .   p - +2 pair of gloves
MR       +....                  (no boots)
Stlth    +.........             (no amulet)
HPRegen  0.23/turn              l - ring of stealth
MPRegen  0.12/turn              u - ring of protection from cold

@: no status effects
A: permanent stasis, dig shafts and tunnels, four strong arms, antennae 3
a: Dig, Shaft Self


You were on level 14 of the Dungeon.
You were not hungry.

You visited 1 branch of the dungeon, and saw 13 of its levels.

You collected 317 gold pieces.

Inventory:

Hand Weapons
 a - a +0 rapier
 e - a +2 dagger of draining
 w - a +0 falchion
 z - a +1 dagger of venom (weapon)
 E - a +0 great sword
Armour
 b - a +0 scale mail (worn)
 p - a +2 pair of gloves (worn)
 F - a +0 large shield (worn)
Jewellery
 l - a ring of stealth (left hand)
 o - an uncursed ring of protection from fire
 u - a ring of protection from cold (right hand)
 x - an uncursed ring of protection from fire
 C - an uncursed amulet of magic regeneration {unknown}
Wands
 c - a wand of random effects (8)
 B - a wand of scattershot (4)
Scrolls
 h - 3 scrolls of remove curse
 i - 3 scrolls of identify {unknown}
 j - a scroll of random uselessness {unknown}
 k - 2 scrolls of teleportation {unknown}
 m - a scroll of fog {unknown}
 q - a scroll of amnesia {unknown}
 r - 2 scrolls of magic mapping {unknown}
 s - a scroll of immolation {unknown}
 y - a scroll of silence {unknown}
Potions
 d - 2 potions of might
 g - 2 potions of brilliance
 n - 2 potions of lignification
 t - 2 potions of resistance {unknown}
 v - a potion of flight {unknown}
 D - a potion of ambrosia {unknown}
Comestibles
 f - 10 rations


   Skills:
 + Level 8.0 Fighting
 - Level 5.0(6.0) Short Blades
 + Level 4.8(5.9) Long Blades
 + Level 8.2 Armour
 - Level 1.2 Dodging
 + Level 8.7 Shields


You had 9 spell levels left.
You didn't know any spells.
Your spell library was empty.

Dungeon Overview and Level Annotations

Branches:
Dungeon (14/15)
 Temple: D:4-7         Lair: D:8-11         Orc: D:9-12      Vaults: D:13-14

Altars:
Gozag
Ru
Trog

Shops:
D:8 (


Innate Abilities, Weirdness & Mutations

You cannot be hasted, slowed, berserked, paralysed or teleported.
You can dig through walls and to a lower floor.
Your four strong arms can wield two-handed weapons with a shield.
You have a pair of large antennae on your head. (SInv)


Message History

The bullfrog hits you!
* * * LOW HITPOINT WARNING * * *
A centaur warrior comes into view.
A sky beast, 2 orcs, an orc warrior and an orc priest come into view.
An orc is wielding a +2 short sword of venom.
The orc warrior shouts!
The orc shouts!
The orc priest shouts!
The orc shouts!
The orc priest calls down the wrath of Beogh upon you.
Pain shoots through your body!
* * * LOW HITPOINT WARNING * * *
The sky beast moves out of view.
The orc warrior moves out of view.
Are you sure you want to shaft yourself?
You feel quite a bit more hungry.
The worker ant bites you but does no damage.
The two-headed ogre hits you with a +0 great mace!
* * * LOW HITPOINT WARNING * * *
You block the two-headed ogre's attack.
You begin to dig a shaft.
You continue digging a shaft.
The worker ant closely misses you. You block the worker ant's attack.
The two-headed ogre hits you with a +0 great mace!
You die...

### #..
########.####.####
.......#.#.......# #
>......#.#.##.##.#.# ..
.%...[.#.#.#...#.#.#o...
.....o..((oC._Ja...Y....
.....[{#.#.#...#@# {
....o.{#.#.##.##O#
(......#.#..o{.oc#
########.####F####
#.{☼{○.{. ######.### #..
###


You could see a centaur warrior, a two-headed ogre, a cyclops, an orc warrior, a
sky beast, a jelly, a worker ant, an orc priest and an orc.

Vanquished Creatures
  A manticore (D:13)
  A hippogriff (D:5)
  2 sky beasts
  A phantom (D:5)
  2 ogres
  4 bullfrogs
  A wyvern zombie (D:6)
  A water moccasin zombie (D:7)
  3 scorpions
  4 killer bees (D:7)
  4 wights (D:8)
  A howler monkey (D:5)
  2 centaur zombies
  3 crimson imps
  A bullfrog zombie (D:6)
  2 quasits
  2 hounds
  2 jellies
  A bullfrog skeleton (D:10)
  A centaur skeleton (D:10)
  An orc priest (D:3)
  An orc wizard (D:6)
  2 iguanas (D:5)
  6 worker ants
  A hound zombie (D:10)
  A howler monkey zombie (D:7)
  7 adders
  4 gnolls (D:7)
  A howler monkey skeleton (D:7)
  3 worker ant zombies
  2 shadow imps
  3 worms
  3 dart slugs
  3 leopard geckos
  26 orcs
  8 bats
  A giant cockroach (D:1)
  5 goblins
  4 hobgoblins
  7 jackals
  A quokka (D:5)
  2 ball pythons
  7 frilled lizards
  4 kobolds
  7 rats
149 creatures vanquished.

Notes
Turn   | Place    | Note
-------+----------+-------------------------------------------
     0 | D:1      | PentaManta the Formicid Fighter began the quest for the
                  | Orb.
     0 | D:1      | Reached XP level 1. HP: 18/18 MP: 1/1
    99 | D:1      | Reached XP level 2. HP: 19/24 MP: 2/2
   249 | D:1      | Reached XP level 3. HP: 22/29 MP: 3/3
   712 | D:2      | Reached skill level 1 in Dodging
   712 | D:2      | Reached XP level 4. HP: 31/36 MP: 4/4
   744 | D:2      | Found an opulent altar of Gozag.
  1311 | D:3      | You fall into a shaft and drop 1 floor!
  1978 | D:3      | Reached XP level 5. HP: 32/42 MP: 5/5
  2617 | D:4      | Found a bloodstained altar of Trog.
  2901 | D:5      | Entered Level 5 of the Dungeon
  2907 | D:5      | Noticed a bullfrog
  2919 | D:5      | Reached XP level 6. HP: 33/48 MP: 6/6
  2924 | D:5      | Noticed a phantom
  2929 | D:5      | You fall into a shaft and drop 2 floors!
  3216 | D:7      | Noticed a hippogriff
  3242 | D:6      | You fall into a shaft and drop 2 floors!
  3446 | D:8      | Reached skill level 5 in Shields
  3446 | D:8      | Reached XP level 7. HP: 42/55 MP: 7/7
  3496 | D:8      | Reached skill level 5 in Armour
  4166 | D:5      | Reached skill level 5 in Fighting
  4243 | D:5      | You fall into a shaft and drop 1 floor!
  4624 | D:5      | Reached XP level 8. HP: 62/62 MP: 8/8
  5123 | D:6      | Reached skill level 5 in Short Blades
  5622 | D:5      | Reached skill level 1 in Long Blades
  5637 | D:5      | Killed a hippogriff
  5965 | D:6      | You fall into a shaft and drop 3 floors!
  6276 | D:9      | You fall into a shaft and drop 1 floor!
  6276 | D:10     | Entered Level 10 of the Dungeon
  6398 | D:10     | Reached XP level 9. HP: 61/71 MP: 9/9
  6699 | D:8      | Found Jifewk Deux's Weapon Shop.
  7787 | D:7      | You fall into a shaft and drop 3 floors!
  7965 | D:9      | Noticed a two-headed ogre
  7977 | D:10     | You fall into a shaft and drop 2 floors!
  7977 | D:12     | Noticed a skeletal warrior
  7977 | D:12     | Noticed a skeletal warrior
  7977 | D:12     | Noticed a skeletal warrior
  7977 | D:12     | Noticed a skeletal warrior
  7981 | D:12     | Noticed a hornet
  7983 | D:12     | You fall into a shaft and drop 1 floor!
  8307 | D:13     | Reached XP level 10. HP: 80/80 MP: 10/10
  8330 | D:13     | Noticed a manticore
  8379 | D:13     | Killed a manticore
  8546 | D:12     | Noticed a kobold demonologist
  8584 | D:13     | Noticed a green ugly thing
  8584 | D:13     | Noticed a centaur warrior
  8597 | D:14     | Found a sacrificial altar of Ru.
  8605 | D:14     | Noticed a cyclops
  8608 | D:14     | Noticed a two-headed ogre
  8613 | D:14     | Noticed an efreet
  8615 | D:14     | Noticed a centaur warrior
  8618 | D:14     | Slain by a two-headed ogre

Levels and vault maps discovered:
D:1:      dpeg_arrival_erosion, layout_basic, minmay_misc_feat_rows
D:2:      layout_basic, grunt_gozag_breadcrumbs
D:3:      layout_basic
D:4:      layout_basic, trog_book
D:5:      layout_loops_cross, first_ration
D:6:      layout_gridville, minmay_temple_entry_butterflies
D:7:      layout_cave_pods
D:8:      layout_loops_corners, serial_shops, nicolae_shop_behind_doors,
          kennysheep_mini, shop, nicolae_shop_trees, gammafunk_ghost_cemetery,
          uniq_grum
D:9:      layout_roguey
D:10:     layout_basic, orc_0_dummy, david_nohive_1
D:12:     layout_basic, nrook_mini_backslash, solitary_fountain
D:13:     layout_loops_corners, ximxim_vaults_locker_room, uniq_josephine
D:14:     layout_cross, lemuel_statue_altar, nicolae_ru_sacrificial_ziggurat

Skill      XL: |  1  2  3  4  5  6  7  8  9 10 |
---------------+-------------------------------+-----
Armour         | 4 5 6 7 8 |  8.2
Dodging        | 1 |  1.2
Short Blades   | 3 4 5 |  5.0
Shields        | 4 5 7 8 |  8.7
Fighting       | 4 5 6 7 8 |  8.0
Long Blades    | 2 4 |  4.8

Action                   |  1- 3 |  4- 6 |  7- 9 | 10-12 || total
-------------------------+-------+-------+-------+-------++-------
Melee: Rapier            |   105 |   189 |   305 |       ||   599
       Dagger            |       |       |   425 |    65 ||   490
 Abil: Shaft Self        |       |     3 |     4 |     1 ||     8
       Dig               |       |     1 |     1 |       ||     2
Evoke: Wand              |       |       |     1 |       ||     1
  Use: Potion            |     4 |       |     2 |     4 ||    10
       Scroll            |       |       |     1 |       ||     1
  Eat: Chunk             |       |     8 |    11 |       ||    19
       Ration            |       |       |     2 |     1 ||     3
Armor: Scale mail        |    73 |    80 |   227 |    18 ||   398
       Skin              |       |       |       |     9 ||     9
Dodge: Dodged            |    67 |   133 |   216 |    17 ||   433
Block: Shield            |       |       |   261 |       ||   261
       Large shield      |       |       |   126 |    78 ||   204
